 Dungeon Crawl Stone Soup version 0.28.0 (webtiles) character file.

Game seed: 12728442870600152287

245 arthad the Insei (level 6, -6/45 HPs)
             Began as a Djinni Transmuter on Feb 15, 2022.
             Was an Initiate of Gozag.
             Mangled by Duvessa (9 damage)
             ... on level 4 of the Dungeon.
             The game lasted 00:17:00 (5145 turns).

arthad the Insei (Djinni Transmuter)                Turns: 5145, Time: 00:17:03

Health: -6/45      AC:  2    Str:  9    XL:     6   Next: 32%
Gold:   92         EV: 13    Int: 16    God:    Gozag SH:  0 Dex: 14

rFire   + + .      SeeInvis .     - Unarmed
rCold   x . .      Faith    .   (no shield)
rNeg    . . .      Spirit   .   a - +0 robe
rPois   ∞          Reflect  .   (no helmet)
rElec   .          Harm     .   (no cloak)
rCorr   .          Rampage  .   (no gloves)
Will    .....                   (boots unavailable)
Stlth   +.........              (no amulet)
HPRegen 0.15/turn               (no ring)
MPRegen 0.00/turn               (no ring)

@: brilliant, flying
A: sickness immunity, fire resistance 2, cold vulnerability 1, float, innate
caster, HP casting, extra vitality 1
a: Renounce Religion, Potion Petition, Call Merchant, Bribe Branch


You were on level 4 of the Dungeon.
You worshipped Gozag.
Gozag was noncommittal.
You visited 2 branches of the dungeon, and saw 5 of its levels.

You collected 136 gold pieces.
You paid 44 gold pieces to Gozag.

Inventory:

Hand Weapons
 d - a +0 fustibalus
 i - a +4 whip
Missiles
 j - 130 stones
Armour
 a - a +0 robe (worn)
Scrolls
 c - a scroll of enchant armour {unknown}
 e - 2 scrolls of vulnerability {unknown}
 f - a scroll of acquirement {unknown}
 h - 5 scrolls of identify {unknown}
 k - 2 scrolls of silence {unknown}
 l - a scroll of enchant weapon {unknown}
 n - a scroll of fog {unknown}
 p - a scroll of blinking {unknown}
Potions
 g - 2 potions of curing
 m - a potion of flight {unknown}
 o - a potion of heal wounds {unknown}


   Skills:
 + Level 2.4 Fighting
 + Level 1.4 Slings
 + Level 3.4 Dodging
 + Level 3.8 Unarmed Combat
 * Level 3.0 Spellcasting


You couldn't memorise any spells.
You knew the following spells:

 Your Spells              Type           Power      Damage    Failure   Level
a - Beastly Appendage     Tmut           36%        N/A       5%          1
b - Wereblood             Tmut           18%        N/A       9%          2
c - Spider Form           Tmut/Pois      18%        N/A       16%         3
d - Ice Form              Ice/Tmut       18%        N/A       47%         4
e - Summon Small Mammal   Summ           72%        N/A       5%          1
f - Static Discharge      Conj/Air       18%        N/A       9%          2
Your spell library was empty.

Dungeon Overview and Level Annotations

Branches:
Dungeon (4/15)             Temple (1/1) D:4

Altars:
Ashenzari
Cheibriados
Dithmenos
Gozag
Hepliaklqana
Kikubaaqudgha
Makhleb
Okawaru
Qazlal
Ru
Sif Muna
Trog
Vehumet
Wu Jian
Xom
Yredelemnul
Zin

Annotations:
D:4 Dowan, Duvessa


Innate Abilities, Weirdness & Mutations

You are immune to sickness and miasma.
You are immune to poison.
Your flesh is very heat resistant. (rF++)
You are vulnerable to cold. (rC-)
You float through the air rather than walking.
You learn spells naturally, not from books.
Your magical power is your life essence.
You have superior vitality. (+4 MHP)


Message History

You hit Duvessa.
Duvessa is lightly wounded.
Duvessa hits you with a +0 short sword.
You hit Duvessa.
Duvessa looks as sick as possible!
Duvessa is lightly wounded.
Duvessa hits you with a +0 short sword.
Your magical contamination has completely faded away.
You hit Duvessa but do no damage.
Duvessa looks as sick as possible!
Duvessa is moderately wounded.
Duvessa hits you with a +0 short sword. Duvessa closely misses you.
You barely miss Duvessa.
Duvessa is moderately wounded.
Duvessa completely misses you.
You hit Duvessa but do no damage.
Duvessa looks as sick as possible!
Duvessa is heavily wounded.
Duvessa hits you with a +0 short sword. x2
You barely miss Duvessa.
Duvessa is heavily wounded.
Duvessa misses you.
You hit Duvessa.
Duvessa is heavily wounded.
Duvessa misses you.
You hit Duvessa.
Duvessa is heavily wounded.
Your transformation has ended.
Your +0 robe unmelds from your body.
Duvessa closely misses you. x2
You hit Duvessa.
Duvessa is severely wounded.
Duvessa misses you.
You hit Duvessa but do no damage.
Duvessa is severely wounded.
Duvessa hits you with a +0 short sword.
* * * LOW HITPOINT WARNING * * *
It was a potion of brilliance.
You feel clever all of a sudden. Duvessa hits you with a +0 short sword!
* * * LOW HITPOINT WARNING * * *
Duvessa hits you with a +0 short sword!
You die...
Your body crumbles into a pile of gold.

#....#####......##..##
.......##.#####..#...##
.........## ##......##
.........# ##......##
....####..# #.......###
....# #...# ##........#
...## #....###
##...>.#### ...#
#......###.......# ...
#......ee@#......#
#......#####..####
........## ####
.......## .....#.
.....## e... ... ...


You could see Duvessa (fast, very poisoned) and Dowan.

Vanquished Creatures
  An ogre (D:3)
  A hound (D:2)
  2 adders
  2 worms (D:2)
  4 dart slugs
  An orc (D:4)
  5 ball pythons
  10 bats
  11 endoplasms
  3 giant cockroaches
  5 goblins
  4 hobgoblins
  6 jackals
  9 quokkas
  9 frilled lizards
  9 kobolds
  6 rats
88 creatures vanquished.

Notes
Turn   | Place    | Note
-------+----------+-------------------------------------------
     0 | D:1      | arthad the Djinni Transmuter began the quest for the Orb.
     0 | D:1      | Reached XP level 1. HP: 17/17 MP: 0/0
   632 | D:1      | Reached XP level 2. HP: 22/22 MP: 0/0
   984 | D:1      | Found a faded altar of an unknown god.
  1524 | D:1      | Reached XP level 3. HP: 13/27 MP: 0/0
  1524 | D:1      | Learned a level 1 spell: Summon Small Mammal
  2222 | D:2      | HP: 1/27 [hound (5)]
  2227 | D:2      | Reached XP level 4. HP: 2/33 MP: 0/0
  2733 | D:2      | Reached XP level 5. HP: 19/38 MP: 0/0
  2733 | D:2      | Learned a level 2 spell: Static Discharge
  3152 | D:2      | Reached skill level 1 in Slings
  3623 | D:3      | Noticed an ogre
  3676 | D:3      | Killed an ogre
  3677 | D:3      | Reached XP level 6. HP: 19/45 MP: 0/0
  4221 | D:3      | Found a bloodstained altar of Trog.
  4739 | D:4      | Found a staircase to the Ecumenical Temple.
  4747 | Temple   | Entered the Ecumenical Temple
  4907 | Temple   | Became a worshipper of Gozag Ym Sagoz the Greedy
  5121 | D:4      | Noticed Duvessa
  5121 | D:4      | Noticed Dowan
  5145 | D:4      | Mangled by Duvessa

Illustrated notes

Levels and vault maps discovered:
D:1:      lightli_arrival_windingriver, layout_basic,
          chequers_ecumenical_altar_island, minmay_misc_feat_chi
D:2:      minmay_recursive_quarters, layout_rooms, item_on_display_a
D:3:      layout_basic, marbit_many_paths
D:4:      layout_layer_cave, minmay_temple_entry_tees, hangedman_feature_mirror,
          kennysheep_generic_room_8, uniq_duvessa
Temple:   eino_temple_rhombus

Skill      XL: |  1  2  3  4  5  6 |
---------------+-------------------+-----
Spellcasting   | 2 3 |  3.0
Fighting       | 2 |  2.4
Dodging        | 3 |  3.4
Slings         | 1 |  1.4
Unarmed Combat | |  3.8

Action                   |  1- 3 |  4- 6 || total
-------------------------+-------+-------++-------
Melee: Unarmed           |   116 |   204 ||   320
       Headbutt          |     5 |     2 ||     7
       Punch             |     3 |     7 ||    10
 Fire: Fustibalus        |    44 |       ||    44
 Cast: Beastly Appendage |     4 |     1 ||     5
       Wereblood         |     1 |     2 ||     3
       Spider Form       |     1 |     2 ||     3
       Summon Small Mamm |       |     3 ||     3
  Use: Potion            |       |     4 ||     4
 Stab: Invisible         |       |     1 ||     1
       Sleeping          |       |     1 ||     1
Armor: Robe              |    22 |    42 ||    64
       Skin              |     1 |     1 ||     2
Dodge: Dodged            |    97 |   178 ||   275
